 Dungeon Crawl Stone Soup version 0.32-a0-928-g1cae6b7ea0 (webtiles) character file.

Game seed: 7557453494847906318

1585 Cobbler the Spear-Bearer (level 8, -16/63 HPs)
             Began as a Minotaur Monk on Apr 12, 2024.
             Was a Priest of Hepliaklqana.
             Demolished by an orc warrior
             ... wielding a +0 halberd
              (19 damage)
             ... in a bailey.
             The game lasted 00:34:02 (4566 turns).

Cobbler the Spear-Bearer (Minotaur Monk)            Turns: 4566, Time: 00:34:03

Health: -16/63     AC:  9    Str: 22    XL:     8   Next: 61%
Magic:  7/7        EV:  9    Int:  7    God:    Hepliaklqana [***...]
Gold:   308        SH:  0    Dex: 14    Spells: 7/7 levels left

rFire   . . .        n - +1 spear (distort)
rCold   + . .        d - orb {light}
rNeg    . . .        A - +0 chain mail of Freedom {Str+5}
rPois   .            (helmet restricted)
rElec   .            (no cloak)
rCorr   +            (no gloves)
SInv    .            (no boots)
Will    .....        (no amulet) Stlth
                     h - ring of resist corrosion
HPRegen 0.30/turn    k - ring of protection from cold
MPRegen 0.10/turn

%: no passive effects
@: glowing, very slow
A: reduced essence, horns 2, retaliatory headbutt
a: Renounce Religion, Recall Ancestor, Ancestor Identity, Transference


You were in a bailey.
You worshipped Hepliaklqana.
Hepliaklqana was most pleased with you.
You visited 2 branches of the dungeon, and saw 8 of its levels.
You also visited: Sewer and Bailey.

You collected 308 gold pieces.

Inventory:

Hand Weapons
 a - a +0 spear
 n - a +1 spear of distortion (weapon)
 q - a +1 short sword of draining
Missiles
 p - a throwing net (quivered)
Armour
 d - an orb of light (worn)
 A - the +0 chain mail of Freedom (worn) {Str+5}
   (You found it on level 5 of the Dungeon)

   Str+5:     It affects your strength (+5).
 G - a +0 crystal plate armour
Jewellery
 h - a ring of resist corrosion (left hand)
 k - a ring of protection from cold (right hand)
 u - a ring of wizardry
 D - an amulet of faith
 E - a ring of magical power
Wands
 s - a wand of light (8)
 y - a wand of polymorph (4)
Scrolls
 e - 2 scrolls of acquirement {unknown}
 f - a scroll of amnesia
 i - a scroll of immolation
 r - 2 scrolls of poison
 v - 2 scrolls of blinking {unknown}
 w - 4 scrolls of teleportation
 z - a scroll of identify {unknown}
 B - a scroll of summoning {unknown}
 C - a scroll of brand weapon {unknown}
 F - a scroll of enchant armour {unknown}
Potions
 b - a potion of resistance {unknown}
 c - a potion of ambrosia
 g - a potion of cancellation {unknown}
 j - 2 potions of berserk rage {unknown}
 l - 2 potions of curing {unknown}
 m - a potion of degeneration {unknown}
 o - a potion of enlightenment {unknown}
 t - a potion of heal wounds {unknown}
 x - 2 potions of mutation {unknown}


   Skills:
 + Level 6.6 Fighting
 + Level 9.7 Polearms
 + Level 5.4 Armour
 + Level 5.1 Dodging
 + Level 1.4 Stealth


You had 7 spell levels left.
You didn't know any spells.
Your spell library contained the following spells:

 Spells                   Type           Power      Damage    Failure   Level
 Necrotise                Necr           0%         1d4       95%         1
 Ensorcelled Hibernation  Hex/Ice        0%         N/A       99%         2
 Passwall                 Erth           0%         N/A       100%        3
 Swiftness                Air            0%         N/A       100%        3
 Vampiric Draining        Necr           0%         2d6       100%        3
 Animate Dead             Necr           0%         N/A       100%        4
 Martyr's Knell           Necr/Summ      0%         N/A       100%        4
 Curse of Agony           Necr           0%         N/A       100%        5
 Haunt                    Necr/Summ      0%         N/A       100%        7
 Infestation              Necr           0%         N/A       100%        8


Dungeon Overview and Level Annotations

Branches:
Dungeon (7/15)             Temple (1/1) D:4           Sewer (visited)
 Bailey (1/1)

Altars:
Ashenzari
Cheibriados
Dithmenos
Elyvilon
Fedhas
Gozag
Hepliaklqana
Kikubaaqudgha
Makhleb
Nemelex Xobeh
Okawaru
Qazlal
Ru
Sif Muna
Uskayaw
Vehumet
Wu Jian
Xom
Yredelemnul
Zin
The Shining One

Shops:
D:2 *

Annotations:
D:5 2 transporters, Chish's ghost, novice NaAl


Innate Abilities, Weirdness & Mutations

Your life essence is reduced to manifest your ancestor. (-10% HP)
You have a pair of horns on your head.
You reflexively headbutt those who attack you in melee.


Message History

The orc warrior hits you from afar with a +0 halberd!
Reach: n) +1 spear (distort)
Press: ? - help, Dir - move target, f - orc warrior
Aim: an orc warrior, wielding a +0 halberd and wearing a +0 ring mail (strong, ally target, haloed, about 23% to evade your +1 spear of distortion)
You reach to attack!
You barely miss the orc warrior.
Reach: n) +1 spear (distort)
Press: ? - help, Dir - move target, f/p - orc warrior
Aim: an orc warrior, wielding a +0 halberd and wearing a +0 ring mail (strong, ally target, haloed, about 23% to evade your +1 spear of distortion)
You reach to attack!
You hit the orc warrior.
Space warps around the orc warrior.
The orc warrior is moderately wounded.
The orc warrior hits you from afar with a +0 halberd! x2
You swap places.
The orc warrior hits you from afar with a +0 halberd.
Reach: n) +1 spear (distort)
Press: ? - help, Dir - move target, f/p - orc warrior
Aim: an orc warrior, wielding a +0 halberd and wearing a +0 ring mail (moderately wounded, strong, ally target, haloed, about 23% to evade your +1 spear of distortion)
You reach to attack!
You hit the orc warrior but do no damage.
Space warps around the orc warrior.
The orc warrior is moderately wounded.
Jimbo blocks the orc warrior's attack.
The orc warrior hits you from afar with a +0 halberd!
Jimbo hits the orc warrior with a +0 flail!
Reach: n) +1 spear (distort)
Press: ? - help, Dir - move target, p - orc warrior
Okay, then.
The orc warrior attacks as it pursues you!
The orc warrior hits you from afar with a +0 halberd!!
* * * LOW HITPOINT WARNING * * *
The orc warrior closely misses Jimbo.
There is an open door, spattered with blood here.
Jimbo hits the orc warrior with a +0 flail.
The orc warrior hits Jimbo with a +0 halberd!
You enter the shallow water.
Moving in this stuff is going to be slow.
The orc warrior attacks as it pursues you!
The orc warrior hits you from afar with a +0 halberd!!
You die...
Hepliaklqana delivers you to your ancestors.

#.~~..##.##..≈≈.§§..§≈ ##.#
##.~~..#'#..§≈§.§⌠...≈ #+#
#∩.~~..#'#...§o.o∩⌠... #
#.~)..## ##§§≈§oo.§.≈≈ #
#.~..## #§§§R≈≈§≈≈. #.~.##
#.........
#.~.#########o###+##########
#.~........).##.....##......
#.~~~~~~~~~@..##.∩.##..~~~~~
#..........~~).## ##..~~....
##########..~~).###..~~..###
##..~~)....~~..##
##..~~~~~~~..##
##.........## ###########


You could see the friendly Jimbo the knight and 4 orc warriors.

Vanquished Creatures
  Grinder (D:3)
  An orc warrior (Bailey)
  A phantom (D:5)
  A bullfrog (D:7)
  3 scorpions
  2 hounds
  An orc priest (D:4)
  An orc wizard (D:7)
  A gnoll (D:5)
  6 adders
  A river rat (D:6)
  A shadow imp (D:5)
  6 dart slugs
  12 orcs
  8 ball pythons
  2 bats
  3 endoplasms
  5 giant cockroaches
  3 goblins
  6 hobgoblins
  3 jackals (D:2)
  5 quokkas
  5 frilled lizards
  12 kobolds
  8 rats
98 creatures vanquished.

Vanquished Creatures (collateral kills)
  A steam dragon (D:7)
  A centaur (D:4)
  A kobold brigand (D:6)
  A jelly (D:6)
  2 hounds
  An iguana (D:6)
  2 orc wizards
  A hell rat (Sewer)
  A dart slug (D:4)
  6 orcs
  A giant cockroach (D:6)
  A kobold (D:6)
  A quokka (D:5)
  4 rats
24 creatures vanquished.

Grand Total: 122 creatures vanquished

Notes
Turn   | Place    | Note
-------+----------+-------------------------------------------
     0 | D:1      | Cobbler the Minotaur Monk began the quest for the Orb.
     0 | D:1      | Reached XP level 1. HP: 19/19 MP: 0/0
   425 | D:1      | Reached XP level 2. HP: 26/27 MP: 1/1
   458 | D:1      | Found a faded altar of an unknown god.
   582 | D:1      | Reached skill level 4 in Polearms
   734 | D:2      | Reached XP level 3. HP: 18/33 MP: 2/2
  1155 | D:2      | Found Mybegra's Assorted Antiques.
  1533 | D:2      | Reached XP level 4. HP: 41/41 MP: 3/3
  1598 | D:3      | Noticed Grinder
  1617 | D:3      | Killed Grinder
  1618 | D:3      | Reached skill level 5 in Fighting
  1618 | D:3      | Reached skill level 6 in Polearms
  1618 | D:3      | Reached XP level 5. HP: 34/48 MP: 4/4
  1618 | D:3      | Reached XP level 6. HP: 40/56 MP: 5/5
  2097 | D:4      | Reached skill level 7 in Polearms
  2153 | D:4      | Reached skill level 1 in Armour
  2220 | D:4      | Found a staircase to the Ecumenical Temple.
  2228 | Temple   | Entered the Ecumenical Temple
  2236 | Temple   | Became a worshipper of Hepliaklqana the Forgotten
  2236 | Temple   | Reached * piety under Hepliaklqana
  2236 | Temple   | Reached ** piety under Hepliaklqana
  2420 | D:4      | Remembered your ancestor Jimbo as a knight
  2441 | D:4      | Reached XP level 7. HP: 38/55 MP: 6/6
  2731 | D:5      | Entered Level 5 of the Dungeon
  2746 | D:5      | Identified the +0 chain mail of Freedom {Str+5}
  2824 | D:5      | Found a transporter.
  2838 | D:5      | Noticed Chish's ghost (novice NaAl)
  2856 | D:5      | Found a transporter.
  2922 | D:5      | Reached skill level 8 in Polearms
  3160 | D:5      | Reached *** piety under Hepliaklqana
  3196 | D:5      | Reached skill level 1 in Stealth
  3570 | D:6      | Found a glowing drain.
  3594 | Sewer    | Entered a sewer
  3599 | Sewer    | Reached XP level 8. HP: 63/63 MP: 7/7
  3749 | D:6      | Reached skill level 5 in Dodging
  4185 | D:7      | Reached skill level 9 in Polearms
  4253 | D:7      | Reached skill level 5 in Armour
  4341 | D:7      | Found a flagged portal.
  4353 | Bailey   | Entered a bailey
  4557 | Bailey   | Noticed an orc knight
  4564 | Bailey   | HP: 2/63 [orc warrior/+0 halberd (18)]
  4566 | Bailey   | Demolished by an orc warrior

Illustrated notes

Levels and vault maps discovered:
D:1:      nicolae_arrival_somewhat_less_tricky_arrival, layout_basic,
          chequers_ecumenical_altar_simple
D:2:      layout_rooms, serial_shops, shop, nicolae_hexahallways, st_stairs_2
D:3:      layout_rooms, uniq_grinder
D:4:      layout_basic, minmay_temple_entry_glassed_door
D:5:      layout_loops_ring, gammafunk_ghost_arena, st_stairs_8,
          serial_bayou_pond_d, serial_park_tiny_2, small_statue_intersection
D:6:      layout_basic, portal_sewer_entry_b
D:7:      layout_loops_corners, lemuel_tele_altar, enter_bailey_2, st_stairs_9,
          bh_walls_and_bars
Temple:   grunt_wide_crystal_templ
Bailey:   bailey_polearm_1, bailey

Skill      XL: |  1  2  3  4  5  6  7  8 |
---------------+-------------------------+-----
Fighting       | 4 5 6 |  6.6
Polearms       | 4 6 7 8 9 |  9.7
Dodging        | 4 5 |  5.1
Armour         | 1 3 5 |  5.4
Stealth        | 1 |  1.4

Action                     |  1- 3 |  4- 6 |  7- 9 || total
---------------------------+-------+-------+-------++-------
  Melee: Spear             |    89 |    55 |   108 ||   252
         Headbutt          |    12 |     7 |     6 ||    25
 Invoke: Ancestor Life: Kn |       |     1 |       ||     1
         Ancestor Identity |       |     1 |       ||     1
    Use: Scroll            |     5 |       |     1 ||     6
 Armour: Robe              |    14 |       |       ||    14
         Skin              |    12 |       |       ||    12
         Ring mail         |       |     5 |     3 ||     8
         Leather armour    |       |     5 |       ||     5
         Chain mail        |       |       |    31 ||    31
  Dodge: Dodged            |    23 |    10 |    19 ||    52

Table legend: (Time is in decaauts)
 A = Elapsed time spent in this place.
 B = Non-inter-level travel time spent in this place.
 C = Inter-level travel time spent in this place.
 D = Time resting spent in this place.
 E = Time spent auto-exploring this place.
 F = Levels seen in this place.
 G = Mean time per level.
                   A        B        C        D        E       F      G
               +--------+--------+--------+--------+--------+-----+--------+
         Total |   4549 |   4340 |    209 |    257 |   2678 |  10 |  454.9 |
       Dungeon |   4196 |   4001 |    195 |    257 |   2647 |   7 |  599.4 |
        Temple |     16 |      2 |     14 |      0 |      0 |   1 |   16.0 |
         Sewer |    121 |    121 |      0 |      0 |     20 |   1 |  121.0 |
        Bailey |    214 |    214 |      0 |      0 |     10 |   1 |  214.0 |
               +--------+--------+--------+--------+--------+-----+--------+

Top non-repeatable levels by time:
     D:2: 847 daAuts
     D:6: 736 daAuts
     D:1: 707 daAuts
     D:4: 682 daAuts
     D:5: 591 daAuts
     D:3: 450 daAuts
  Bailey: 214 daAuts
     D:7: 181 daAuts
   Sewer: 121 daAuts
  Temple: 16 daAuts
